 Dungeon Crawl Stone Soup version 0.32-a0-685-g93135e86f0 (webtiles) character file.

Game seed: 8616914426745638806

77411 BubbleThief the Lord of Darkness (level 15, -4/129 HPs)
             Began as a Demonspawn Necromancer on Mar 12, 2024.
             Was the Champion of Kikubaaqudgha.
             Slain by a death knight
             ... wielding a +3 battleaxe
              (22 damage)
             ... on level 12 of the Dungeon.
             The game lasted 00:58:40 (23833 turns).

BubbleThief the Lord of Darkness (DsNe)            Turns: 23833, Time: 00:58:40

Health: -4/129     AC: 13    Str: 25    XL:     15   Next: 15%
Magic:  0/25       EV: 16    Int: 21    God:    Kikubaaqudgha [******]
Gold:   1468       SH:  0    Dex: 19    Spells: 4/27 levels left

rFire   . . .        N - +7 spear "Fadoer" {spect, rPois Dex+4}
rCold   . . .        (no shield)
rNeg    + . .        K - +1 leather armour "Eduy" {Rampage rElec Str+4}
rPois   +            n - +1 helmet
rElec   +            c - +0 cloak
rCorr   .            (gloves unavailable)
SInv    .            R - +1 pair of boots
Will    +....        U - amulet of guardian spirit
Stlth   ++           C - +6 ring of strength
HPRegen 0.41/turn    V - ring of Olirruaw {rN+ Int+6}
MPRegen 0.19/turn

%: guardian spirit, rampage
@: slowed, very slow
A: icy blue scales 1, demonic guardian 3, spiny 2, demonic touch 3
a: Renounce Religion, Unearth Wretches, Torment, Brand Weapon With Pain, Receive
Forbidden Knowledge


You were on level 12 of the Dungeon.
You worshipped Kikubaaqudgha.
Kikubaaqudgha was exalted by your worship.
You visited 4 branches of the dungeon, and saw 21 of its levels.
You also visited: Ice Cave and Volcano.

You collected 2207 gold pieces.
You spent 739 gold pieces at shops.

Inventory:

Hand Weapons
 N - the +7 spear "Fadoer" (weapon) {spect, rPois Dex+4}
   (You bought it in a shop on level 2 of the Orcish Mines)

   Dex+4:     It affects your dexterity (+4).
   rPois:     It protects you from poison.
Missiles
 a - a throwing net
Armour
 c - a +0 cloak (worn)
 n - a +1 helmet (worn)
 J - a +3 leather armour of fire resistance
 K - the +1 leather armour "Eduy" (worn) {Rampage rElec Str+4}
   (You found it on level 10 of the Dungeon)

   Str+4:     It affects your strength (+4).
   rElec:     It insulates you from electricity.
   Rampage:   It bestows one free step when moving towards enemies.
 R - a +1 pair of boots (worn)
Jewellery
 e - a ring of protection from cold
 v - a ring of willpower
 C - a +6 ring of strength (left hand)
 F - the ring of the Disbelieving Fool {*Corrode rC+++ Int+2 Dex+6 Stlth+}
   (You bought it in a shop on level 2 of the Orcish Mines)

   [ring of dexterity]

   Int+2:     It affects your intelligence (+2).
   Dex+6:     It affects your dexterity (+6).
   rC+++:     It renders you almost immune to cold.
   *Corrode:  It may corrode you when you take damage.
   Stlth+:    It makes you more stealthy.
 S - a ring of protection from cold
 U - an amulet of guardian spirit (around neck)
 V - the ring of Olirruaw (right hand) {rN+ Int+6}
   (You acquired it in an ice cave)

   [ring of intelligence]

   Int+6:     It affects your intelligence (+6).
   rN+:       It protects you from negative energy.
 X - an amulet of magic regeneration
Wands
 j - a wand of mindburst (29)
 y - a wand of polymorph (5)
 A - a wand of charming (28)
 E - a wand of iceblast (14)
 G - a wand of light (6)
 W - a wand of flame (33)
Scrolls
 g - 5 scrolls of teleportation
 i - a scroll of identify
 l - 6 scrolls of poison
 m - 2 scrolls of acquirement
 o - 3 scrolls of silence {unknown}
 q - 2 scrolls of fear {unknown}
 s - a scroll of revelation
 u - a scroll of enchant armour
 H - 2 scrolls of enchant weapon
 I - a scroll of butterflies
 M - 3 scrolls of blinking
 Y - a scroll of amnesia
Potions
 b - 2 potions of magic
 d - 2 potions of lignification
 f - 5 potions of brilliance
 h - 5 potions of mutation
 k - 3 potions of cancellation
 r - 8 potions of might
 t - 2 potions of attraction
 w - 5 potions of curing
 x - 4 potions of heal wounds
 B - 2 potions of resistance {unknown}
 D - 4 potions of invisibility
 L - 2 potions of berserk rage {unknown}
 P - a potion of ambrosia {unknown}
 Q - a potion of haste {unknown}
Miscellaneous
 p - a phantom mirror
 T - a phial of floods


   Skills:
 - Level 15.0 Fighting
 - Level 12.0 Polearms
 - Level 8.4 Armour
 - Level 6.6 Dodging
 - Level 1.7 Stealth
 + Level 6.8 Spellcasting
 + Level 15.4 Necromancy


You had 4 spell levels left.
You knew the following spells:

 Your Spells              Type           Power      Damage    Failure   Level
a - Borgnjor's Vile Clut  Necr/Erth      19%        N/A       12%         5
b - Vampiric Draining     Necr           64%        2d10      1%          3
c - Animate Dead          Necr           64%        N/A       1%          4
d - Sublimation of Blood  Necr           64%        N/A       1%          2
e - Dispel Undead         Necr           64%        3d22      1%          4
f - Curse of Agony        Necr           64%        N/A       1%          5

Your spell library contained the following spells:

 Spells                   Type           Power      Damage    Failure   Level
 Kiss of Death            Conj/Necr      100%       2d13      1%          1
 Necrotise                Necr           100%       1d9       1%          1
 Anguish                  Hex/Necr       19%        N/A       4%          4
 Apportation              Tloc           14%        N/A       10%         1
 Sting                    Conj/Alch      28%        1d4       10%         1
 Summon Small Mammal      Summ           28%        N/A       10%         1
 Jinxbite                 Hex            14%        N/A       16%         2
 Lesser Beckoning         Tloc           14%        N/A       16%         2
 Scorch                   Fire           14%        2d5       16%         2
 Confusing Touch          Hex            7%         N/A       30%         3
 Gell's Gravitas          Tloc           7%         N/A       30%         3
 Inner Flame              Hex/Fire       7%         N/A       30%         3
 Passwall                 Erth           7%         N/A       30%         3
 Sigil of Binding         Hex            7%         N/A       30%         3
 Summon Ice Beast         Ice/Summ       7%         N/A       30%         3
 Teleport Other           Tloc           7%         N/A       30%         3
 Volatile Blastmotes      Fire/Tloc      14%        2d11      30%         3
 Animate Armour           Summ/Erth      14%        N/A       69%         4
 Flame Wave               Conj/Fire      7%         2d5       69%         4
 Sticky Flame             Fire/Alch      7%         2d4       69%         4
 Death Channel            Necr           32%        N/A       2%          6
 Iskenderun's Battlesphe  Conj           7%         2d6       95%         5
 Yara's Violent Unravell  Hex/Alch       3%         3d4       95%         5
 Bombard                  Conj/Erth      3%         9d1       100%        6
 Permafrost Eruption      Ice/Erth       3%         2x4d2     100%        6
 Starburst                Conj/Fire      3%         6d3       100%        6
 Enfeeble                 Hex            3%         N/A       100%        7
 Spellforged Servitor     Conj/Summ      3%         N/A       100%        7
 Summon Hydra             Summ           3%         N/A       100%        7
 Fire Storm               Conj/Fire      3%         8d1       100%        9
 Polar Vortex             Ice            3%         N/A       100%        9


Dungeon Overview and Level Annotations

Branches:
Dungeon (13/15)            Temple (1/1) D:4            Lair (5/5) D:8
  Swamp (0/4) Lair:3        Snake (0/4) Lair:2        Slime (0/5) Lair:5
    Orc (2/2) D:12            Elf (0/3) Orc:2         IceCv (visited)
Volcano (visited)
 Vaults: D:13-14

Altars:
Ashenzari
Cheibriados
Dithmenos
Fedhas
Gozag
Hepliaklqana
Kikubaaqudgha
Makhleb
Nemelex Xobeh
Okawaru
Qazlal
Ru
Sif Muna
Trog
Uskayaw
Vehumet
Wu Jian
Xom
Yredelemnul
Jiyva

Shops:
D:9 :   Orc:2 =***(

Annotations:
D:3 2 transporters, MadMike78's ghost, amateur GnWn
Lair:3 Nergalle
Orc:2 2 transporters, KSaturn's ghost, journeyman MDBe


Innate Abilities, Weirdness & Mutations

You are partially covered in icy blue scales. (AC +2)
A powerful demonic guardian rushes to your aid.
You are mostly covered in sharp spines.
Your touch may irresistibly damage your foes and sap their willpower.


Message History

Aiming: Dispel Undead (safe; 1% risk of failure)
Press: ? - help, Shift-Dir - straight line, f - freezing wraith
Aim: a freezing wraith (100% to hit)
The freezing wraith is dispelled!!
The freezing wraith is struck by your spines.
The freezing wraith closely misses you.
The freezing wraith hits you but does no damage.
The death knight closely misses you. The freezing wraith hits you!
The freezing wraith freezes you!!
The freezing wraith hits you but does no damage.
The death knight is struck by your spines.
The death knight hits you with a +3 battleaxe!
The death knight reflects your damage back at you!
Unknown command.
Unknown command.
You puncture the freezing wraith!
The freezing wraith is almost destroyed.
Your +7 spear "Fadoer" {spect, rPois Dex+4} hits the freezing wraith!
You destroy the freezing wraith!
Kikubaaqudgha accepts your kill.
The death knight's dark mirror aura disappears.
Unknown command.
You hit the death knight.
You touch the death knight!
You sap its willpower!
The death knight is lightly wounded.
Your +7 spear "Fadoer" {spect, rPois Dex+4} barely misses the death knight.
The death knight is struck by your spines.
The death knight hits you with a +3 battleaxe!!
* * * LOW HITPOINT WARNING * * *
Unknown command.
You hit the death knight.
The death knight is moderately wounded.
Your +7 spear "Fadoer" {spect, rPois Dex+4} barely misses the death knight.
The death knight hits you with a +3 battleaxe!!
* * * LOW HITPOINT WARNING * * *
A demonic guardian appears!
Unknown command.
Your +7 spear "Fadoer" {spect, rPois Dex+4} disappears.
The death knight hits you with a +3 battleaxe!!
You die...
Kikubaaqudgha rasps: You have failed me!
Welcome... death!

.# #..# #..# #......... .# #..#
#..# #......... .# #..# #..#
#..<...... .# #..# #..#
#......... .# #..# #..#
#......... .# #..# #.3#
#...(..... .# #..# #..#
#......... .# #..# #>.#
#......... .#########..####@p#
#.........
..................######.........
......................<..........
............#####................
............# #................
............# #.........######.
............# #.........# #.
............# #..>......# #.
............# #.........# #.


You could see a death knight (weak-willed, ally target) and a friendly sixfirhy
(summoned).

Vanquished Creatures
  Kirke (Lair:4)
  A reaper (IceCv)
  An orc warlord (Orc:1)
  An ettin (Orc:1)
  3 hydras
  3 catoblepae (Lair:5)
  3 two-headed ogres
  A boulder beetle (Lair:5)
  4 death yaks (Lair:5)
  2 orc high priests (Orc:2)
  Sonja (D:12)
  A skyshark (Lair:2)
  A bog body (Lair:2)
  5 deep elf zephyrmancers (Orc:1)
  5 deep elf pyromancers
  4 orc knights (Orc:2)
  2 cyclopes
  An ugly thing (IceCv)
  A salamander (Volcano)
  9 orc sorcerers
  2 manticores
  An ice statue (IceCv)
  3 kobold blastminers (Orc:2)
  2 elephants (Lair:3)
  3 black mambas
  A torpor snail (Lair:5)
  11 cane toads
  7 ice devils (IceCv)
  7 komodo dragons
  5 rime drakes
  2 anaconda simulacra
  2 freezing wraiths
  A polar bear (Lair:2)
  5 trolls
  10 blink frogs
  4 dream sheep (Lair:5)
  4 slime creatures (D:12)
  A shadow (D:12)
  2 vampires
  4 wyverns
  7 fire bats (Volcano)
  5 wraiths
  29 yaks
  Eustachio (D:6)
  A dire elephant simulacrum (IceCv)
  3 steam dragons
  2 basilisks
  A hog (Lair:4)
  A death yak simulacrum (IceCv)
  6 vampire mosquitoes
  6 harpy simulacra
  A two-headed ogre zombie (D:12)
  A naga (Lair:2)
  3 hydra simulacra (IceCv)
  An acid dragon (D:10)
  12 water moccasins
  A black bear (Lair:1)
  Duvessa (D:7)
  A sky beast (D:7)
  An ogre (Volcano)
  19 orc warriors
  19 wolves
  5 centaurs
  2 kobold brigands
  12 bullfrogs
  A two-headed ogre simulacrum (IceCv)
  2 scorpions
  5 wights
  A troll zombie (D:12)
  Dowan (D:7)
  4 killer bees (D:10)
  3 howler monkeys (D:9)
  3 hounds
  15 orc priests
  2 bombardier beetles
  4 jellies
  2 sleepcaps
  Jessica (D:2)
  An iguana (D:5)
  19 orc wizards
  2 troll simulacra (IceCv)
  5 ogre zombies (D:12)
  3 gnolls (D:4)
  3 adders
  2 ufetubi (D:6)
  A dart slug (D:4)
  A ribbon worm (D:2)
  57 orcs
  6 bats
  9 endoplasms
  A giant cockroach (D:1)
  2 gnoll zombies (D:12)
  2 goblins
  6 hobgoblins
  5 jackals (D:1)
  10 kobolds
  A quokka (D:4)
  8 ball pythons
  2 frilled lizards
  2 gnoll skeletons (D:12)
  An orc skeleton (D:12)
  13 orc zombies (D:12)
  2 rats
476 creatures vanquished.

Vanquished Creatures (collateral kills)
  An orc warlord (Orc:1)
  A fire dragon (Volcano)
  A catoblepas (Lair:4)
  A boulder beetle (Orc:2)
  2 death yaks
  Urug (D:10)
  A two-headed ogre (Volcano)
  An orc high priest (Orc:2)
  A deep elf pyromancer (Orc:1)
  An orc sorcerer (D:12)
  A deep elf zephyrmancer (Orc:1)
  A manticore (Lair:5)
  2 salamanders (Volcano)
  A kobold blastminer (Orc:2)
  An ice statue (IceCv)
  3 elephants (Lair:3)
  2 rime drakes
  2 cane toads
  A gargoyle (D:10)
  An unseen horror (D:11)
  2 komodo dragons (Volcano)
  2 ice devils (Lair:2)
  2 trolls
  A polar bear (Lair:2)
  4 blink frogs
  2 slime creatures (D:12)
  2 wyverns (Volcano)
  A hog (Lair:4)
  6 yaks
  2 nagas (Lair:2)
  A water moccasin (Lair:5)
  2 orc warriors
  4 wolves
  2 ogres
  A kobold brigand (D:9)
  A bullfrog (D:9)
  A scorpion (D:7)
  A wight (D:9)
  An elephant simulacrum (Lair:2)
  2 orc priests
  A sleepcap (D:4)
  4 orc wizards
  A polar bear simulacrum (Lair:2)
  An ogre zombie (D:12)
  2 naga simulacra (Lair:2)
  A white imp (Lair:2)
  17 orcs
  A gnoll zombie (D:12)
  A jackal (D:1)
  2 gnoll skeletons (D:12)
  4 kobolds
  4 orc zombies (D:12)
  4 rats
109 creatures vanquished.

Vanquished Creatures (others)
  A death yak zombie (Lair:5)
  An unseen horror (D:12)
  A hydra zombie (Lair:4)
  2 boulder beetle zombies
  2 cane toad zombies
  A fire bat zombie (Volcano)
  A two-headed ogre zombie (D:10)
  An elephant zombie (Lair:3)
  6 blink frog zombies (Lair:5)
  3 elf zombies
  A torpor snail zombie (Lair:5)
  A rime drake zombie (Orc:2)
  2 komodo dragon zombies (Volcano)
  2 water moccasin zombies
  7 yak zombies (Lair:5)
  4 troll zombies
  3 wolf zombies
  3 bullfrog zombies
  An orc priest (D:12)
  2 orc wizards
  An ogre zombie (Orc:1)
  3 naga zombies (Lair:2)
  A hound zombie (D:6)
  3 howler monkey zombies (D:9)
  34 orc zombies
  4 kobold zombies (D:8)
91 creatures vanquished.

Grand Total: 676 creatures vanquished

Notes
Turn   | Place    | Note
-------+----------+-------------------------------------------
     0 | D:1      | BubbleThief the Demonspawn Necromancer began the quest for
                  | the Orb.
     0 | D:1      | Reached XP level 1. HP: 13/13 MP: 3/3
   241 | D:1      | Gained mutation: Your touch may inflict minor irresistible
                  | damage on your foes. [demonic ancestry]
   241 | D:1      | Reached XP level 2. HP: 19/19 MP: 0/5
   415 | D:1      | Reached skill level 5 in Necromancy
   642 | D:1      | Reached XP level 3. HP: 24/24 MP: 0/6
  1268 | D:2      | Found a faded altar of an unknown god.
  1497 | D:2      | Noticed Jessica
  1501 | D:2      | Killed Jessica
  1502 | D:2      | Gained mutation: You are partially covered in icy blue
                  | scales. (AC +2) [demonic ancestry]
  1502 | D:2      | Reached XP level 4. HP: 30/30 MP: 4/8
  1695 | D:3      | Found a transporter.
  1832 | D:3      | Found a transporter.
  1844 | D:3      | Noticed MadMike78's ghost (amateur GnWn)
  2292 | D:4      | Found a staircase to the Ecumenical Temple.
  2298 | Temple   | Entered the Ecumenical Temple
  2314 | Temple   | Became a worshipper of Kikubaaqudgha
  2440 | D:4      | Noticed a scorpion
  2444 | D:4      | Killed a scorpion
  2445 | D:4      | Reached skill level 1 in Fighting
  2445 | D:4      | Gained mutation: A weak demonic guardian rushes to your
                  | aid. [demonic ancestry]
  2445 | D:4      | Reached XP level 5. HP: 37/37 MP: 4/9
  2449 | D:4      | Learned a level 3 spell: Vampiric Draining
  2454 | D:4      | Learned a level 4 spell: Animate Dead
  2839 | D:4      | Reached XP level 6. HP: 36/44 MP: 1/11
  3318 | D:5      | Entered Level 5 of the Dungeon
  3864 | D:5      | Gained mutation: You are partially covered in sharp spines.
                  | [demonic ancestry]
  3864 | D:5      | Reached XP level 7. HP: 45/51 MP: 9/13
  4746 | D:6      | Reached * piety under Kikubaaqudgha
  4746 | D:6      | Received a gift from Kikubaaqudgha
  4751 | D:6      | Learned a level 2 spell: Sublimation of Blood
  4788 | D:6      | Noticed Eustachio
  4795 | D:6      | Killed Eustachio
  5396 | D:7      | Gained mutation: You are mostly covered in sharp spines.
                  | [demonic ancestry]
  5396 | D:7      | Reached XP level 8. HP: 61/61 MP: 14/14
  5760 | D:7      | Reached skill level 5 in Fighting
  5791 | D:7      | Noticed Duvessa
  5791 | D:7      | Noticed Dowan
  5793 | D:7      | Reached skill level 1 in Polearms
  5804 | D:7      | Killed Duvessa
  5806 | D:7      | Killed Dowan
  6200 | D:7      | Found an iron altar of Okawaru.
  6207 | D:7      | Found a shadowy altar of Dithmenos.
  6329 | D:8      | Found a staircase to the Lair.
  6829 | D:8      | Gained mutation: A demonic guardian rushes to your aid.
                  | [demonic ancestry]
  6829 | D:8      | Reached XP level 9. HP: 65/72 MP: 10/15
  6998 | D:8      | Noticed a two-headed ogre
  7295 | D:9      | Found Uhiuha's Book Shop.
  7566 | D:9      | Noticed a troll
  7575 | D:9      | Killed a troll
  7576 | D:9      | Reached skill level 5 in Polearms
  7825 | Lair:1   | Entered Level 1 of the Lair of Beasts
  7825 | Lair:1   | Noticed a cane toad
  7833 | Lair:1   | Killed a cane toad
  7941 | Lair:1   | Reached ** piety under Kikubaaqudgha
  7996 | Lair:1   | Reached XP level 10. HP: 83/83 MP: 16/16
  8023 | Lair:1   | Noticed a cane toad
  8037 | Lair:1   | Killed a cane toad
  8205 | Lair:1   | Reached skill level 10 in Fighting
  8404 | Lair:1   | Noticed a cane toad
  8417 | Lair:1   | Killed a cane toad
  8451 | Lair:1   | Noticed a cane toad
  8459 | Lair:1   | Killed a cane toad
  8910 | Lair:2   | Noticed a cane toad
  8919 | Lair:2   | Killed a cane toad
  9184 | Lair:2   | Noticed a bog body
  9201 | Lair:2   | Killed a bog body
  9488 | Lair:2   | Noticed a cane toad
  9500 | Lair:2   | Killed a cane toad
  9501 | Lair:2   | Gained mutation: A powerful demonic guardian rushes to your
                  | aid. [demonic ancestry]
  9501 | Lair:2   | Reached XP level 11. HP: 93/93 MP: 15/17
  9573 | Lair:2   | Found a staircase to the Snake Pit.
  9673 | Lair:2   | Noticed a death yak
  9690 | Lair:2   | Killed a death yak
  9697 | Lair:2   | Reached *** piety under Kikubaaqudgha
  9697 | Lair:2   | Received a gift from Kikubaaqudgha
  9762 | Lair:2   | Got the Spellbook of the Chill
  9859 | Lair:2   | Noticed a skyshark
  9875 | Lair:2   | Killed a skyshark
 10250 | Lair:2   | Identified the +1 mace of Sunlight {freeze, rF+ rN+ rCorr}
 10291 | Lair:2   | Reached skill level 10 in Polearms
 10424 | Lair:2   | Got Sif Muna's Discursus on the Gathered Pyromaniac
 11242 | Lair:3   | Got Tergh's Vellum of Conflagration and Jinxing
 11244 | Lair:3   | Found a staircase to the Swamp.
 11335 | Lair:3   | Noticed Nergalle
 11350 | Lair:2   | Learned a level 4 spell: Dispel Undead
 11584 | Lair:3   | Gained mutation: Your touch may inflict irresistible damage
                  | on your foes. [demonic ancestry]
 11584 | Lair:3   | Reached XP level 12. HP: 105/105 MP: 18/18
 11629 | Lair:3   | Reached **** piety under Kikubaaqudgha
 11817 | Lair:4   | Found a dark tunnel.
 11826 | Volcano  | Entered a volcano
 11938 | Volcano  | Noticed a two-headed ogre
 11956 | Volcano  | Killed a two-headed ogre
 12086 | Volcano  | Noticed a two-headed ogre
 12103 | Volcano  | Killed a two-headed ogre
 12327 | Volcano  | Noticed a two-headed ogre
 12333 | Volcano  | Killed a two-headed ogre
 12383 | Volcano  | Reached skill level 5 in Spellcasting
 12407 | Volcano  | Noticed a fire dragon
 12417 | Volcano  | Killed a fire dragon
 12529 | Lair:4   | Noticed a seven-headed hydra
 12537 | Lair:4   | Killed a seven-headed hydra
 12565 | Lair:4   | Noticed a six-headed hydra
 12572 | Lair:4   | Killed a six-headed hydra
 12573 | Lair:4   | Reached skill level 10 in Necromancy
 12583 | Lair:4   | Learned a level 5 spell: Curse of Agony
 12655 | Lair:4   | Noticed a catoblepas
 12676 | Lair:4   | Killed a catoblepas
 13319 | Lair:4   | Noticed Kirke
 13343 | Lair:4   | Killed Kirke
 13344 | Lair:4   | Reached XP level 13. HP: 105/114 MP: 18/22
 13738 | Lair:5   | Entered Level 5 of the Lair of Beasts
 14290 | Lair:5   | Reached ***** piety under Kikubaaqudgha
 14306 | Lair:5   | Reached skill level 15 in Fighting
 14378 | Lair:5   | Reached skill level 1 in Armour
 15004 | Lair:5   | Learned a level 5 spell: Borgnjor's Vile Clutch
 15529 | Lair:5   | Found a viscous altar of Jiyva.
 15531 | Lair:5   | Found a staircase to the Slime Pits.
 15953 | D:10     | Entered Level 10 of the Dungeon
 15962 | D:10     | Found a hazy altar of Hepliaklqana.
 16225 | D:10     | Identified the +1 leather armour "Eduy" {Rampage rElec
                  | Str+4}
 17034 | D:10     | Noticed Urug
 17047 | D:10     | Killed Urug
 17179 | D:10     | Reached XP level 14. HP: 123/123 MP: 23/23
 17455 | D:11     | Reached skill level 5 in Armour
 18533 | D:12     | Found a staircase to the Orcish Mines.
 18547 | D:12     | Reached ****** piety under Kikubaaqudgha
 18748 | D:12     | Noticed Sonja
 18764 | D:12     | Killed Sonja
 19343 | D:12     | You fall into a shaft and drop 1 floor!
 19876 | Orc:1    | Entered Level 1 of the Orcish Mines
 20069 | Orc:1    | Noticed an orc warlord
 20086 | Orc:1    | Killed an orc warlord
 20097 | Orc:1    | Reached skill level 5 in Dodging
 20165 | Orc:1    | Identified the +0 leather armour "Reukoes" {Harm}
 20190 | Orc:1    | Noticed an orc warlord
 20566 | Orc:1    | Killed an orc warlord
 21092 | Orc:2    | Entered Level 2 of the Orcish Mines
 21092 | Orc:2    | Found a frozen archway.
 21103 | IceCv    | Entered an ice cave
 21178 | IceCv    | Reached skill level 15 in Necromancy
 21711 | IceCv    | Noticed a reaper
 21723 | IceCv    | Killed a reaper
 22242 | IceCv    | Identified 3 scrolls of acquirement
 22242 | IceCv    | Acquired the ring of Olirruaw {rN+ Int+6}
 22505 | Orc:2    | Found a staircase to the Elven Halls.
 22520 | Orc:2    | Found a transporter.
 22523 | Orc:2    | Noticed KSaturn's ghost (journeyman MDBe)
 22533 | Orc:2    | Found a transporter.
 22794 | Orc:2    | Gained mutation: Your touch may irresistibly damage your
                  | foes and sap their willpower. [demonic ancestry]
 22794 | Orc:2    | Reached XP level 15. HP: 129/129 MP: 24/24
 22831 | Orc:2    | Found Fiatz's Jewellery Shop.
 23412 | Orc:2    | Paralysed by an orc sorcerer for 4 turns
 23450 | Orc:2    | Found Simanam's Antique Weapon Boutique.
 23450 | Orc:2    | Found Tuoziun's Assorted Antiques.
 23699 | Orc:2    | Found Taestry's Assorted Antiques.
 23699 | Orc:2    | Found Pentaus's Assorted Antiques.
 23708 | Orc:2    | Bought a runed helmet for 277 gold pieces
 23721 | Orc:2    | Bought a coiled bone ring for 165 gold pieces
 23721 | Orc:2    | Identified the ring of the Disbelieving Fool {*Corrode
                  | rC+++ Int+2 Dex+6 Stlth+} (You bought it in a shop on level
                  | 2 of the Orcish Mines)
 23721 | Orc:2    | Bought an ancient spear for 264 gold pieces
 23721 | Orc:2    | Identified the +7 spear "Fadoer" {spect, rPois Dex+4} (You
                  | bought it in a shop on level 2 of the Orcish Mines)
 23725 | Orc:2    | Bought a metallic yellow potion for 33 gold pieces
 23833 | D:12     | Slain by a death knight

Illustrated notes

Levels and vault maps discovered:
D:1:      minmay_arrival_diagonal_passages, layout_basic, minmay_cut_off
D:2:      layout_basic, chequers_ecumenical_altar_simple_redux, uniq_jessica
D:3:      layout_rooms, gammafunk_ghost_stat_death,
          amcnicky_mini_rare_corridor_liquid, chequers_garden,
          chequers_serial_rivers_micro_e
D:4:      layout_loops_ring, minmay_temple_entry_wispy, minmay_vboxes
D:5:      wad_pebble_path, layout_basic
D:6:      layout_basic, serial_curves, eino_curves_02, eino_curves_01,
          eino_curves_04, eino_curves_04, uniq_eustachio
D:7:      layout_loops_ring, jmf_multi_god_temple2,
          serial_library_hellmonk_hallway_a, uniq_duvessa
D:8:      layout_basic, lair_entry_dummy
D:9:      layout_cave_pools, serial_shops, shop
D:10:     kennysheep_spiral_hall, layout_loops_corners,
          nicolae_overflow_crystal_walls, uniq_urug
D:11:     layout_long_grid
D:12:     layout_long_grid, zombieorc2_lemuel, uniq_sonja
D:13:     layout_cave_pods
Temple:   nicolae_temple_bog_church
Lair:1:   layout_regular_city
Lair:2:   dreamdust_isle_of_ice, layout_chaotic_city, nicolae_snake_entry_squirm
Lair:3:   layout_big_grid, swamp_mist, uniq_nergalle
Lair:4:   layout_small_grid, nicolae_volcano_entry_hallway, hibernation_bobbens,
          uniq_kirke
Lair:5:   evilmike_catoblepas_cave, layout_layer_cave, slime_entry_1,
          grunt_megastairs_5, serial_bayou_shore_b
Orc:1:    layout_caves, elves_outpost_lemuel
Orc:2:    grunt_orc_tribal_feast, layout_diamond_mine, gammafunk_ghost_arena,
          serial_shops, nicolae_shop_tiny_real_fake_doors, portal_ice_cave_rime,
          regret_index_minedec_shroomtown_chain, blackcustard_rock_pile

Skill      XL: |  1  2  3  4  5  6  7  8  9 10 11 12 13 14 |
---------------+-------------------------------------------+-----
Necromancy     | 5 6 7 8 10 13 15 | 15.4
Spellcasting   | 3 4 6 |  6.8
Fighting       | 1 2 4 7 9 11 13 14 15 | 15.0
Polearms       | 3 6 9 11 12 | 12.0
Dodging        | 3 6 |  6.6
Armour         | 4 8 |  8.4
Stealth        | |  1.7

Action                     |  1- 3 |  4- 6 |  7- 9 | 10-12 | 13-15 || total
---------------------------+-------+-------+-------+-------+-------++-------
  Melee: Dagger            |    22 |       |       |       |       ||    22
         Unarmed           |     7 |       |       |       |       ||     7
         Touch             |     3 |     3 |     8 |    85 |   232 ||   331
         Spear             |       |    16 |    98 |   482 |  1146 ||  1742
   Cast: Necrotise         |    66 |    89 |   113 |    33 |       ||   301
         Animate Dead      |       |       |     7 |    11 |    17 ||    35
         Vampiric Draining |       |       |     3 |    15 |    15 ||    33
         Dispel Undead     |       |       |       |       |    27 ||    27
         Curse of Agony    |       |       |       |       |     3 ||     3
         Borgnjor's Vile C |       |       |       |       |     2 ||     2
         Sublimation of Bl |       |       |       |       |     1 ||     1
  Evoke: Wand              |       |       |     5 |     5 |     4 ||    14
         Phial of floods   |       |       |       |     1 |       ||     1
         Phantom mirror    |       |       |       |       |     1 ||     1
    Use: Scroll            |       |       |     6 |     8 |    13 ||    27
         Potion            |       |       |       |       |     1 ||     1
   Stab: Sleeping          |       |       |     1 |       |     4 ||     5
         Distracted        |       |       |       |     6 |     7 ||    13
 Armour: Robe              |    21 |    16 |     9 |       |       ||    46
         Leather armour    |       |       |    54 |   248 |   485 ||   787
  Dodge: Dodged            |    35 |    20 |    57 |   181 |   328 ||   621

Table legend: (Time is in decaauts)
 A = Elapsed time spent in this place.
 B = Non-inter-level travel time spent in this place.
 C = Inter-level travel time spent in this place.
 D = Time resting spent in this place.
 E = Time spent auto-exploring this place.
 F = Levels seen in this place.
 G = Mean time per level.
                   A        B        C        D        E       F      G
               +--------+--------+--------+--------+--------+-----+--------+
         Total |  23039 |  22128 |    911 |    539 |  18076 |  23 | 1001.7 |
       Dungeon |  11579 |  11121 |    458 |    183 |   9370 |  13 |  890.7 |
        Temple |     32 |      3 |     29 |      0 |      0 |   1 |   32.0 |
          Lair |   7191 |   6830 |    361 |    207 |   5561 |   5 | 1438.2 |
  Orcish Mines |   2547 |   2486 |     61 |    100 |   1903 |   2 | 1273.5 |
      Ice Cave |   1105 |   1105 |      0 |     49 |    853 |   1 | 1105.0 |
       Volcano |    583 |    583 |      0 |      0 |    389 |   1 |  583.0 |
               +--------+--------+--------+--------+--------+-----+--------+

Top non-repeatable levels by time:
  Lair:5: 1954 daAuts
  Lair:2: 1626 daAuts
   Orc:2: 1406 daAuts
  Lair:4: 1309 daAuts
  Lair:1: 1306 daAuts
     D:6: 1277 daAuts
    D:10: 1230 daAuts
    D:12: 1203 daAuts
    D:11: 1166 daAuts
   Orc:1: 1140 daAuts
     D:4: 1140 daAuts
   IceCv: 1105 daAuts
  Lair:3: 994 daAuts
     D:7: 958 daAuts
     D:8: 892 daAuts
